 Dungeon Crawl Stone Soup version 0.23.2-40-g277498a001 (webtiles) character file.

Game seed: 18200161007725225584

757216 Bodigarde the Conqueror (level 27, -11/273 HPs)
             Began as a Hill Orc Fighter on Aug 28, 2019.
             Was the Champion of Trog.
             Mangled by a lorocyproca (20 damage)
             ... in Pandemonium on Aug 29, 2019.
             The game lasted 05:39:03 (76425 turns).

Bodigarde the Conqueror (Hill Orc Fighter)         Turns: 76425, Time: 05:39:06

Health: -11/273    AC: 43    Str: 42    XL:     27
Magic:  7/32       EV: 16    Int: 10    God:    Trog [******]
Gold:   8390       SH: 35    Dex: 13    Spells: 26/26 levels left

rFire    + . .     SeeInvis +   b - +9 broad axe (vamp)
rCold    + . .     Gourm    .   F - +1 large shield
rNeg     + + +     Faith    .   V - +7 gold dragon scales
rPois    +         Spirit   .   (no helmet)
rElec    +         Reflect  .   E - +0 cloak "Anydgh" {+Blink rElec Str+7}
rCorr    .         Harm     .   p - +2 pair of gloves {Dex+3}
MR       +++++     Rnd*Rage +   C - +1 pair of boots {Fly}
Stlth    ..........             Y - amulet "Ohoofrah" {Acrobat rPois rN++ Int-3 SInv Stlth+}
HPRegen  1.55/turn              P - ring "Ehep" {MR+ Int+3 Slay+4}
MPRegen  0.23/turn              Z - ring "Comeid" {rN+ MR+ Str+3}

@: liquid flames, about to teleport, regenerating, glowing
A: large bone plates 1, berserk 1, clever 1, [deterioration 1], [screaming 2]
}: 5/15 runes: decaying, slimy, silver, abyssal, gossamer
a: Berserk, Trog's Hand, Brothers in Arms, Renounce Religion, Evoke Blink, Evoke
Flight


You were in Pandemonium.
You worshipped Trog.
Trog was exalted by your worship.
You were not hungry.

You visited 14 branches of the dungeon, and saw 57 of its levels.
You visited Pandemonium 1 time, and saw 1 of its levels.
You visited the Abyss 1 time.
You also visited: Gauntlet, Ice Cave and Wizlab.

You collected 9114 gold pieces.
You spent 724 gold pieces at shops.

Inventory:

Hand Weapons
 a - a +9 antimagic broad axe
 b - a +9 vampiric broad axe (weapon)
Missiles
 D - 37 tomahawks
 Q - 19 poisoned javelins (quivered)
Armour
 p - a +2 pair of gloves of dexterity (worn)
 C - a +1 pair of boots of flying (worn)
 E - the +0 cloak "Anydgh" (worn) {+Blink rElec Str+7}
   (You found it in a wizard's laboratory)

   It affects your strength (+7).
   It insulates you from electricity.
   It lets you blink.
 F - a +1 large shield (worn)
 V - +7 gold dragon scales (worn)
Jewellery
 g - the ring of Syolusch {rElec rF+}
   (You found it on level 2 of the Depths)

   [ring of protection from fire]

   It protects you from fire.
   It insulates you from electricity.
 O - an uncursed ring of resist corrosion
 P - the ring "Ehep" (left hand) {MR+ Int+3 Slay+4}
   (You found it in a Gauntlet)

   [ring of slaying]

   It affects your intelligence (+3).
   It affects your accuracy and damage with ranged weapons and melee attacks
   (+4).
   It affects your resistance to hostile enchantments.
 X - the ring of Disaster {rC+ Dex-2}
   (You found it in a Gauntlet)

   [ring of dexterity]

   It affects your dexterity (-2).
   It protects you from cold.
 Y - the amulet "Ohoofrah" (around neck) {Acrobat rPois rN++ Int-3 SInv Stlth+}
   (You bought it in a shop on level 2 of the Orcish Mines)

   [amulet of the acrobat]

   It helps you evade while moving and waiting.
   It affects your intelligence (-3).
   It protects you from poison.
   It greatly protects you from negative energy.
   It lets you see invisible.
   It makes you more stealthy.
 Z - the ring "Comeid" (right hand) {rN+ MR+ Str+3}
   (You found it on level 13 of the Dungeon)

   [ring of strength]

   It affects your strength (+3).
   It protects you from negative energy.
   It affects your resistance to hostile enchantments.
Wands
 h - a wand of clouds (7)
 I - a wand of digging (22)
 J - a wand of scattershot (11)
 T - a wand of acid (29)
Scrolls
 e - 31 scrolls of remove curse
 l - 23 scrolls of teleportation
 o - 6 scrolls of summoning
 q - a scroll of identify
 r - 8 scrolls of fear
 u - a scroll of enchant weapon
 w - 12 scrolls of fog
 y - a scroll of holy word
 B - 16 scrolls of magic mapping
 K - 2 scrolls of silence
 L - 12 scrolls of blinking
Potions
 d - 8 potions of might
 k - 5 potions of ambrosia
 m - 6 potions of mutation
 s - 5 potions of haste
 t - 10 potions of agility
 v - 7 potions of resistance
 x - 4 potions of invisibility
 z - 5 potions of heal wounds
 A - 26 potions of curing
Miscellaneous
 c - the horn of Geryon
 i - 2 boxes of beasts
 j - a lightning rod (4/4)
 n - 9 phantom mirrors
 G - a phial of floods
 H - a lamp of fire
 S - 4 sacks of spiders
 U - a fan of gales
Comestibles
 f - 66 rations


   Skills:
 O Level 27 Fighting
 O Level 27 Axes
 O Level 27 Armour
 * Level 12.8 Dodging
 O Level 27 Shields
 + Level 13.2 Evocations


You had 26 spell levels left.
You didn't know any spells.
Your spell library was empty.

Dungeon Overview and Level Annotations

Branches:
Dungeon (15/15)            Temple (1/1) D:5            Lair (6/6) D:9
  Swamp (4/4) Lair:2       Spider (4/4) Lair:4        Slime (5/5) Lair:5
    Orc (2/2) D:12            Elf (3/3) Orc:2        Vaults (5/5) D:14
  Crypt (3/3) Vaults:2       Tomb (2/3) Crypt:3      Depths (5/5) D:15
   Hell (1/1)                 Dis (0/7) Hell            Geh (0/7) Hell
    Coc (0/7) Hell            Tar (0/7) Hell            Zot (1/5) Depths:5

Altars:
Ashenzari
Cheibriados
Dithmenos
Elyvilon
Fedhas
Gozag
Hepliaklqana
Kikubaaqudgha
Makhleb
Nemelex Xobeh
Okawaru
Qazlal
Ru
Sif Muna
Trog
Uskayaw
Vehumet
Wu Jian
Xom
Yredelemnul
Zin
The Shining One
Beogh
Jiyva

Shops:
Orc:2 [(=:   Elf:1 (   Elf:3 (   Vaults:5 %

Portals:
Hell: Depths:1 Depths:2 Depths:3 Depths:4 Depths:5
Abyss: Depths:4 Depths:5
Pandemonium: Depths:1 Depths:3 Depths:4
Ziggurat: Depths:1

Annotations:
Swamp:2 2 transporters


Innate Abilities, Weirdness & Mutations

You are partially covered in large bone plates. (SH +4)
You tend to lose your temper in combat.
Your mind is acute. (Int +2)
[Your body sometimes deteriorates upon taking damage.]
[You sometimes yell uncontrollably at your foes.]


Message History

The lorocyproca misses you. You block the lorocyproca's attack.
As you read the scroll of teleportation, it crumbles to dust.
You feel strangely unstable.
The tormentor calls on the powers of darkness!
Your body is wracked with pain!
* * * LOW HITPOINT WARNING * * *
You block the lorocyproca's attack. x2; The lorocyproca hits you!!
* * * LOW HITPOINT WARNING * * *
You feel your power leaking away.
The tormentor calls on the powers of darkness!
You feel a surge of unholy energy. You block the orange demon's attack.
The lorocyproca misses you. You block the lorocyproca's attack.
Unknown command.
You feel much better. You block the lorocyproca's attack. x2
The smoke demon gestures at you.
The sticky flame hits you but does no damage.
You are covered in liquid flames!
You block the lorocyproca's attack. You block the orange demon's attack.
The lorocyproca hits you!!
You die...

.. ... # .... #. ###
##.2.. #.. #.. ......
#.###.###2.....
..#......2.22.∩..
#.......2222#
#.......2@2##
....###4.).## ....
.##.........#.....⌠.
#.........#........
#.^3......#........
............#........
............#........
.....................
.....................


You could see 6 lorocyprocas, a blizzard demon, an orange demon, a smoke demon
and 4 tormentors.

Vanquished Creatures
  the Royal Jelly (Slime:5)
  Khufu (Crypt:1)
  An ancient lich (Depths:1)
  17 greater mummies
  Bai Suzhen (Crypt:1)
  Frederick (Vaults:4)
  6 caustic shrikes
  Xtahua (Vaults:5)
  Saint Roka (Vaults:4)
  7 golden dragons
  Jory (Crypt:1)
  Geryon (Hell)
  The ghost of Zoalos the Devastator, a veteran GrEE of Lugonu (Crypt:2)
  2 profane servitors
  5 bone dragons
  A hellephant (Abyss:5)
  5 tentacled monstrosities
  Jorgrun (Orc:1)
  A Hell Sentinel (Pan)
  3 titans
  2 deep elf master archers (Elf:3)
  9 liches
  3 deep elf blademasters
  11 sphinxes
  3 quicksilver dragons
  An Executioner (Abyss:3)
  Gastronok (Lair:1)
  21 acid blobs
  12 tentacled starspawn
  Murray (Hell)
  5 ancient champions
  An eldritch tentacle (WizLab)
  Kirke (Spider:1)
  5 storm dragons
  8 tengu reavers
  4 thorn hunters
  The ghost of terix the Tainter, a journeyman DsVM of Vehumet (Swamp:3)
  8 shadow dragons
  A daeva (Abyss:5)
  3 draconian monks
  5 revenants
  8 fire giants
  A draconian knight (Depths:5)
  6 ghost moths
  17 frost giants
  3 iron dragons (Depths:4)
  15 azure jellies
  2 draconian scorchers (Abyss:5)
  2 orc warlords
  7 deep elf sorcerers
  4 emperor scorpions (Spider:4)
  5 deep elf elementalists
  9 vault wardens
  2 draconian stormcallers
  5 ghouls
  2 draconian shifters
  The ghost of Jabberih the Brawler, a journeyman TrHu of Okawaru (Lair:6)
  2 balrugs
  2 curse skulls
  2 spriggan defenders (Depths:3)
  2 cacodemons
  33 very ugly things
  3 reapers
  19 stone giants
  14 ironheart preservers
  2 war gargoyles (Hell)
  A caustic shrike skeleton (Depths:4)
  A blood saint (Pan)
  13 vampire knights
  2 corrupters
  8 entropy weavers
  9 deep elf demonologists
  2 bennus (Tomb:1)
  2 green draconians
  3 lorocyprocas
  3 dire elephants
  8 deep elf annihilators
  4 white draconians
  A minotaur (Gauntlet)
  A black sun (Abyss:5)
  2 black draconians
  4 yellow draconians
  3 purple draconians
  A red draconian (Zot:1)
  6 spark wasps
  13 deep elf death magi
  6 blizzard demons
  4 crystal guardians
  28 jiangshi
  2 deep elf high priests
  Snorg (Lair:6)
  2 merfolk javelineers (Depths:2)
  13 fire dragons
  13 ettins
  2 eidola (Crypt:2)
  7 mummy priests
  9 death oozes
  2 merfolk impalers
  16 yaktaur captains
  17 great orbs of eyes
  3 green deaths
  17 ogre magi
  Harold (Lair:1)
  7 rakshasas
  32 vault guards
  8 spriggan air magi
  23 hydras
  A catoblepas (Lair:6)
  A ghost crab (Swamp:3)
  An anaconda (shapeshifter) (Vaults:3)
  12 ice dragons
  7 centaur warriors
  A satyr (Abyss:4)
  5 deep troll shamans
  4 tengu warriors
  7 death knights
  7 death yaks
  45 two-headed ogres
  14 death scarabs
  19 dancing weapons
  20 alligators
  7 hell hogs
  7 deep troll earth magi
  3 titan zombies
  10 sun demons
  10 vampire magi
  33 thrashing horrors
  5 orc high priests
  16 hell knights
  14 wretched stars
  4 spriggan berserkers
  Sonja (Lair:3)
  2 iron golems (Hell)
  13 soul eaters
  20 deep elf knights
  2 storm dragon zombies
  3 iron trolls
  29 skeletal warriors
  A death drake (WizLab)
  2 titan skeletons
  5 unseen horrors
  10 swamp dragons
  7 shadow wraiths
  7 sixfirhies
  6 spatial maelstroms
  A glowing orange brain (shapeshifter) (D:15)
  3 glowing orange brains
  6 flayed ghosts
  An anaconda zombie (Hell)
  2 deep trolls (shapeshifter)
  18 deep trolls
  A spark wasp zombie (Depths:1)
  5 wizards
  2 torturous demonspawn (Pan)
  6 spriggan druids
  An iron giant skeleton (Crypt:2)
  3 tengu zombies
  11 deep elf archers
  An obsidian statue (WizLab)
  7 phantasmal warriors
  3 anaconda skeletons
  50 large abominations
  A wolf spider zombie (D:13)
  17 ironbrand convokers
  2 sphinx zombies
  An orange crystal statue (Depths:1)
  A tengu skeleton (Depths:2)
  2 fire giant zombies
  A harpy (Vaults:5)
  14 orc knights
  11 necromancers
  A harpy (shapeshifter) (Vaults:2)
  An oklob plant (Lair:2)
  30 wolf spiders
  2 mana vipers
  6 shining eyes
  15 orb spiders
  72 deep elf magi
  A frost giant zombie (Hell)
  7 orc sorcerers
  4 draconians (Abyss:5)
  10 elephants
  A moth of wrath (shapeshifter) (Depths:4)
  8 worldbinders
  9 cyclopes
  3 centaur zombies
  29 ugly things
  2 stone giant skeletons
  A stone giant zombie (Hell)
  A black mamba (shapeshifter) (Vaults:1)
  An iron dragon skeleton (Depths:4)
  3 manticores (D:15)
  6 moths of wrath
  7 rust devils
  A spriggan zombie (Depths:2)
  Maurice (Orc:1)
  3 ice statues
  A molten gargoyle (Hell)
  14 vault sentinels
  3 apocalypse crabs (Abyss:3)
  6 black mambas
  2 gargoyles (D:11)
  3 centaur skeletons
  4 torpor snails
  33 spiny frogs
  7 orange demons
  9 smoke demons
  3 hellions
  8 komodo dragons
  A rime drake (shapeshifter) (Depths:5)
  A komodo dragon (shapeshifter) (Depths:1)
  3 kobold demonologists
  3 rime drakes
  4 efreet
  47 yaktaurs
  7 tormentors
  14 demonic crawlers
  3 ice devils
  The ghost of FishyPogo the Fighter, an amateur HOWn of Beogh (D:5)
  17 freezing wraiths
  3 hellwings
  3 red devils
  16 ancient zymes
  2 hydra zombies (Hell)
  A catoblepas skeleton (Crypt:1)
  5 tengu conjurers
  9 guardian mummies (Tomb:1)
  A hornet (shapeshifter) (D:15)
  23 polar bears
  A queen bee (Lair:1)
  A troll (shapeshifter) (Vaults:2)
  3 meliai (D:15)
  9 trolls
  A wind drake (shapeshifter) (Depths:5)
  125 slime creatures
  28 jumping spiders
  A sphinx simulacrum (Depths:4)
  31 tyrant leeches
  19 bog bodies
  A polar bear (shapeshifter) (Abyss:3)
  18 hornets
  2 hippogriffs (shapeshifter)
  A blink frog (shapeshifter) (Vaults:5)
  10 hippogriffs
  2 hydra skeletons
  A dream sheep (shapeshifter) (Depths:4)
  2 ice dragon zombies (Hell)
  29 raiju
  2 deep troll zombies (Hell)
  36 blink frogs
  An ettin zombie (Depths:2)
  A satyr skeleton (Crypt:1)
  A fire giant simulacrum (Crypt:3)
  A spriggan (shapeshifter) (Abyss:4)
  8 spriggans
  A fire dragon skeleton (Tomb:1)
  2 ettin skeletons
  12 shadows
  3 air elementals
  71 flying skulls
  79 redbacks
  A tarantella (shapeshifter) (Vaults:5)
  A wyvern (shapeshifter) (Abyss:3)
  A shock serpent simulacrum (Crypt:1)
  60 yaks
  An alligator skeleton (Hell)
  A wyvern (D:13)
  Sigmund (D:2)
  3 fire bats (Abyss:3)
  18 golden eyes
  3 vampires
  A human (shapeshifter) (Vaults:2)
  2 ushabtiu
  9 ynoxinuls
  3 hogs (Spider:1)
  19 wraiths
  A yak (shapeshifter) (Vaults:3)
  24 tarantellas
  9 fire elementals
  2 hogs (shapeshifter)
  12 water elementals
  8 basilisks
  A hungry ghost (D:9)
  19 chaos spawn
  An emperor scorpion simulacrum (Crypt:1)
  32 vampire mosquitoes
  A basilisk (shapeshifter) (Vaults:2)
  7 neqoxecs
  Menkaure (D:5)
  5 wargs
  6 insubstantial wisps
  12 spatial vortices
  20 swamp worms
  A gelid demonspawn zombie (Crypt:2)
  6 acid dragons
  2 soldier ants (shapeshifter)
  5 hell hounds
  6 porcupines
  A spiny frog skeleton (Hell)
  10 water moccasins
  A hydra simulacrum (Hell)
  A monstrous demonspawn skeleton (Crypt:1)
  2 water nymph skeletons (Crypt:2)
  A hornet zombie (D:14)
  A black bear (shapeshifter) (Depths:4)
  5 ice beasts
  5 swamp drakes
  4 sky beasts
  7 necrophages
  A torturous demonspawn skeleton (Tomb:1)
  13 eyes of draining
  52 orc warriors
  2 phantoms
  A wolf (shapeshifter) (Abyss:5)
  8 black bears
  20 centaurs
  25 boggarts
  21 wolves
  A swamp dragon skeleton (Crypt:2)
  38 ogres
  A manticore skeleton (Crypt:2)
  12 crocodiles
  2 big kobolds
  33 small abominations
  An elf simulacrum (Depths:4)
  A salamander zombie (Crypt:1)
  A wyvern zombie (D:7)
  3 yaktaur zombies (Hell)
  A bullfrog (shapeshifter) (Vaults:3)
  22 bullfrogs
  5 earth elementals
  7 scorpions
  A water moccasin skeleton (D:6)
  A warg skeleton (Crypt:1)
  32 killer bees
  A human simulacrum (Vaults:1)
  A spectral tengu (Crypt:3)
  8 wights
  6 electric eels
  3 howler monkeys
  10 crimson imps
  4 quasits
  57 starcursed masses
  20 orc priests
  6 hounds
  6 jellies
  A bullfrog zombie (D:8)
  3 bullfrog skeletons
  10 iron imps
  20 orc wizards
  2 iguanas
  13 worker ants
  7 hell rats
  A killer bee zombie (D:9)
  A hound zombie (D:10)
  21 mummies
  A hound skeleton (D:10)
  A worker ant zombie (D:7)
  13 adders
  15 gnolls
  7 shadow imps
  8 white imps
  5 ufetubi
  3 oozes
  A lava snake zombie (Crypt:2)
  An adder skeleton (D:7)
  2 worms (D:2)
  A dart slug (D:1)
  6 leopard geckos
  113 orcs
  A bat zombie (Crypt:2)
  4 giant cockroaches
  12 goblins
  6 hobgoblins
  A jackal (D:5)
  15 kobolds
  4 quokkas
  2 ball pythons (D:2)
  5 bats
  4 frilled lizards
  2 giant cockroach zombies
  3 leopard gecko skeletons
  11 rats
  3 crawling corpses
  5 fungi
  A lurking horror (Abyss:3)
  8 plants
  17 starspawn tentacles
3279 creatures vanquished.

Vanquished Creatures (collateral kills)
  A golden dragon (Depths:4)
  A lich (Depths:4)
  A vampire knight (Depths:4)
  A crystal guardian (Depths:1)
  An ettin (Depths:4)
  A hell knight (Depths:4)
  2 necromancers (Depths:4)
  A naga zombie (Crypt:1)
9 creatures vanquished.

Vanquished Creatures (others)
  2 fire giants (Depths:4)
  A blizzard demon (Hell)
  A deep troll earth mage (Depths:2)
  A sixfirhy (Abyss:1)
  An orange demon (Abyss:1)
  A tyrant leech (Swamp:1)
  A chaos spawn (Abyss:3)
  A large abomination (Abyss:3)
  A small abomination (Abyss:3)
  A floating eye (Depths:4)
  3 orcs (Orc:2)
  4 briar patches (Swamp:3)
  2 bushes
  33 fungi
  118 plants
  17 starspawn tentacles
188 creatures vanquished.

Grand Total: 3476 creatures vanquished

Notes
Turn   | Place    | Note
-------+----------+-------------------------------------------
     0 | D:1      | Bodigarde the Hill Orc Fighter began the quest for the Orb.
     0 | D:1      | Reached XP level 1. HP: 19/19 MP: 1/1
    41 | D:1      | Reached XP level 2. HP: 27/27 MP: 2/2
   483 | D:1      | Reached XP level 3. HP: 30/33 MP: 3/3
  1317 | D:2      | Reached XP level 4. HP: 34/40 MP: 4/4
  1835 | D:2      | Noticed Sigmund
  1851 | D:2      | Killed Sigmund
  1851 | D:2      | Reached skill level 5 in Axes
  1851 | D:2      | Reached XP level 5. HP: 27/47 MP: 5/5
  1851 | D:2      | Reached XP level 6. HP: 31/53 MP: 6/6
  2666 | D:3      | Reached skill level 5 in Fighting
  3457 | D:3      | Reached XP level 7. HP: 33/61 MP: 7/7
  3692 | D:3      | You fall through a shaft!
  4071 | D:4      | Found a transporter.
  4234 | D:4      | Reached skill level 5 in Armour
  4324 | D:4      | Reached skill level 5 in Shields
  4422 | D:4      | Found a transporter.
  4771 | D:5      | Entered Level 5 of the Dungeon
  4771 | D:5      | Noticed Menkaure
  4778 | D:5      | Killed Menkaure
  4817 | D:5      | Reached XP level 8. HP: 70/70 MP: 8/8
  4827 | D:5      | Noticed FishyPogo's ghost (amateur HOWn)
  4837 | D:5      | Found a staircase to the Ecumenical Temple.
  4879 | Temple   | Entered the Ecumenical Temple
  5127 | Temple   | Became a worshipper of Trog the Wrathful
  5377 | D:5      | Found a runed translucent gate.
  5379 | D:5      | Found a runed translucent gate.
  5381 | D:5      | Found a runed translucent gate.
  6128 | D:6      | Reached XP level 9. HP: 79/79 MP: 9/9
  6398 | D:6      | Reached skill level 10 in Axes
  7520 | D:7      | Reached * piety under Trog
  8928 | D:9      | Reached XP level 10. HP: 88/88 MP: 10/10
  8939 | D:8      | Reached ** piety under Trog
  9480 | D:9      | Reached *** piety under Trog
  9875 | D:9      | Reached XP level 11. HP: 78/97 MP: 11/11
  9998 | D:9      | Found a staircase to the Lair.
 10370 | D:9      | Found an ornate altar of the Wu Jian Council.
 10434 | D:9      | Reached **** piety under Trog
 10683 | Lair:1   | Entered Level 1 of the Lair of Beasts
 10755 | Lair:1   | Reached skill level 10 in Fighting
 11067 | Lair:1   | Noticed Gastronok
 11090 | Lair:1   | Killed Gastronok
 11202 | Lair:1   | Noticed Harold
 11214 | Lair:1   | Killed Harold
 11631 | Lair:1   | Reached skill level 15 in Axes
 11635 | Lair:1   | Reached XP level 12. HP: 108/108 MP: 12/12
 11875 | Lair:1   | Reached skill level 10 in Armour
 12060 | Lair:1   | Reached skill level 10 in Shields
 12197 | Lair:2   | Noticed a six-headed hydra
 12214 | Lair:2   | Killed a six-headed hydra
 13321 | Lair:3   | Noticed Sonja
 13338 | Lair:3   | Killed Sonja
 14184 | Lair:4   | Found a gate leading to a gauntlet.
 14190 | Lair:4   | Noticed a six-headed hydra
 14207 | Lair:4   | Killed a six-headed hydra
 14246 | Gauntlet | Entered a Gauntlet
 14246 | Gauntlet | Found a transporter.
 14478 | Gauntlet | Found a transporter.
 14478 | Gauntlet | Noticed a death yak
 14481 | Gauntlet | Noticed a death ooze
 14482 | Gauntlet | Found a transporter.
 14484 | Gauntlet | Noticed a death yak
 14485 | Gauntlet | Found a transporter.
 14485 | Gauntlet | Found a transporter.
 14486 | Gauntlet | Found a transporter.
 14486 | Gauntlet | Noticed a death yak
 14494 | Gauntlet | Found a transporter.
 14495 | Gauntlet | Found a transporter.
 14516 | Gauntlet | Noticed a catoblepas
 14518 | Gauntlet | Noticed a dire elephant
 14523 | Gauntlet | Found a transporter.
 14523 | Gauntlet | Found a transporter.
 14532 | Gauntlet | Found a transporter.
 14572 | Gauntlet | Found a transporter.
 14738 | Gauntlet | Reached XP level 13. HP: 118/118 MP: 13/13
 14746 | Gauntlet | Killed a dire elephant
 14812 | Gauntlet | Got a glittering iron ring
 14814 | Gauntlet | Identified the ring "Ehep" {MR+ Int+3 Slay+4} (You found it
                  | in a Gauntlet)
 14846 | Gauntlet | Identified the +1 gold dragon scales of Integrity {*Slow
                  | rPois rF+ rC+ MR+ Str+5}
 14846 | Gauntlet | Noticed a minotaur
 14859 | Gauntlet | Killed a minotaur
 14929 | Gauntlet | Identified the Guide on the Unstable Birds
 14943 | Gauntlet | Got a fine lapis lazuli ring
 14953 | Gauntlet | Identified the cursed ring of Disaster {rC+ Dex-2} (You
                  | found it in a Gauntlet)
 15454 | Lair:4   | Found a runed translucent door.
 15467 | Lair:4   | Found a hole to the Spider Nest.
 16055 | Lair:4   | Reached XP level 14. HP: 130/130 MP: 14/14
 16444 | Lair:5   | Found a frozen archway.
 16592 | IceCv    | Entered an ice cave
 16747 | IceCv    | Reached skill level 15 in Fighting
 16748 | IceCv    | Reached ***** piety under Trog
 16893 | IceCv    | Reached XP level 15. HP: 132/141 MP: 15/15
 16961 | IceCv    | Received a gift from Trog
 17049 | IceCv    | Noticed a frost giant
 17074 | IceCv    | Killed a frost giant
 17218 | IceCv    | Got a warped arbalest
 18115 | Lair:5   | Found a viscous altar of Jiyva.
 18116 | Lair:5   | Found a staircase to the Slime Pits.
 18449 | Lair:6   | Entered Level 6 of the Lair of Beasts
 18861 | Lair:6   | Found a runed translucent gate.
 18862 | Lair:6   | Found a runed translucent gate.
 18863 | Lair:6   | Found a runed translucent gate.
 18863 | Lair:6   | Noticed Jabberih's ghost (journeyman TrHu)
 19114 | Lair:6   | Received a gift from Trog
 19365 | Lair:6   | Noticed Snorg
 19378 | Lair:6   | Killed Snorg
 19448 | Lair:6   | Got a transparent hat
 19459 | Lair:6   | Identified the cursed +0 hat "Naaner" {Dex+2 SInv} (You
                  | found it on level 6 of the Lair of Beasts)
 20075 | D:5      | Killed FishyPogo's ghost
 20345 | Lair:6   | Killed Jabberih's ghost
 20349 | Lair:6   | Reached XP level 16. HP: 117/151 MP: 16/16
 20769 | D:10     | Entered Level 10 of the Dungeon
 20931 | D:10     | Found a shimmering altar of Xom.
 20932 | D:10     | Found a shimmering altar of Xom.
 20932 | D:10     | Found a shimmering altar of Xom.
 21262 | D:10     | Found a shimmering altar of Xom.
 21503 | D:11     | Reached skill level 15 in Shields
 22231 | D:12     | Found a staircase to the Orcish Mines.
 22505 | D:12     | Reached ****** piety under Trog
 23330 | D:13     | Found a shimmering altar of Xom.
 23455 | D:13     | Got a vibrating amber ring
 23457 | D:13     | Identified the ring "Comeid" {rN+ MR+ Str+3} (You found it
                  | on level 13 of the Dungeon)
 23996 | Orc:1    | Entered Level 1 of the Orcish Mines
 23996 | Orc:1    | Noticed Maurice
 24006 | Orc:1    | Killed Maurice
 24274 | Orc:2    | Entered Level 2 of the Orcish Mines
 24276 | Orc:2    | Received a gift from Trog
 24361 | Orc:2    | Found a roughly hewn altar of Beogh.
 24371 | Orc:2    | Reached skill level 15 in Armour
 24374 | Orc:2    | Found Tusist's Jewellery Boutique.
 24384 | Orc:2    | Bought the amulet "Ohoofrah" {Acrobat rPois rN++ Int-3 SInv
                  | Stlth+} for 524 gold pieces
 24384 | Orc:2    | Bought an uncursed ring of resist corrosion for 200 gold
                  | pieces
 24447 | Orc:2    | Found a staircase to the Elven Halls.
 24590 | Orc:2    | Found a roughly hewn altar of Beogh.
 24641 | Orc:2    | Found a roughly hewn altar of Beogh.
 24670 | Orc:2    | Found a roughly hewn altar of Beogh.
 24670 | Orc:2    | Found Gofesej's Book Shop.
 24719 | Orc:2    | Found a roughly hewn altar of Beogh.
 24874 | Orc:2    | Found Livinn's Antique Armour Emporium.
 24886 | Orc:2    | Found Ypseisai's Antique Weapon Shoppe.
 24887 | Orc:2    | Found a roughly hewn altar of Beogh.
 24927 | Orc:2    | Found a roughly hewn altar of Beogh.
 25035 | Orc:1    | Noticed Jorgrun
 25043 | Orc:1    | Killed Jorgrun
 25410 | D:14     | Got a faintly glowing amber ring
 25412 | D:14     | Identified the ring "Woreumeb" {Wiz +Fly MR+} (You found it
                  | on level 14 of the Dungeon)
 25507 | D:14     | Found a sacrificial altar of Ru.
 25571 | D:14     | Received a gift from Trog
 25621 | D:14     | Found a gate to the Vaults.
 26053 | D:15     | Entered Level 15 of the Dungeon
 26105 | D:15     | Found a staircase to the Depths.
 26400 | D:15     | Reached XP level 17. HP: 162/162 MP: 17/17
 26701 | D:15     | Received a gift from Trog
 27175 | Lair:2   | Found a staircase to the Swamp.
 27273 | Spider:1 | Entered Level 1 of the Spider Nest
 27326 | Spider:1 | Noticed Kirke
 27342 | Spider:1 | Killed Kirke
 28574 | Spider:2 | Received a gift from Trog
 28575 | Spider:2 | Found the +14 obsidian axe {chop, +Fly SInv *Curse}
 30785 | Spider:4 | Entered Level 4 of the Spider Nest
 30794 | Spider:3 | Received a gift from Trog
 31228 | Spider:4 | Got a pair of transparent gloves
 31239 | Spider:4 | Identified the cursed +0 pair of gloves of Follow the
                  | Leader {Str+3} (You found it on level 4 of the Spider Nest)
 31368 | Spider:4 | Reached XP level 18. HP: 176/176 MP: 18/18
 31630 | Spider:4 | Received a gift from Trog
 31949 | Spider:4 | Paralysed by a hornet for 2 turns
 32071 | Spider:4 | Got a gossamer rune of Zot
 33000 | Swamp:1  | Entered Level 1 of the Swamp
 33178 | Swamp:1  | Received a gift from Trog
 33862 | Swamp:2  | Identified a scroll of acquirement
 33971 | Swamp:2  | Found a transporter.
 34254 | Swamp:2  | Found a transporter.
 34254 | Swamp:2  | Found a transporter.
 34270 | Swamp:2  | Found a transporter.
 34271 | Swamp:2  | Identified the ring "Zina" {*Drain +Fly rF+ Dex+5 Stlth+}
 34783 | Swamp:2  | Found a transporter.
 35344 | Swamp:3  | Received a gift from Trog
 35372 | Swamp:3  | Found a large runed translucent door.
 35374 | Swamp:3  | Found a large runed translucent door.
 35456 | Swamp:3  | Reached XP level 19. HP: 187/187 MP: 19/19
 35521 | Swamp:3  | Noticed terix's ghost (journeyman DsVM)
 36272 | Swamp:4  | Entered Level 4 of the Swamp
 36804 | Swamp:3  | Killed terix's ghost
 37553 | Swamp:4  | Noticed a tentacled monstrosity
 37568 | Swamp:4  | Killed a tentacled monstrosity
 37602 | Swamp:4  | Received a gift from Trog
 38284 | Swamp:4  | Got a decaying rune of Zot
 38702 | Vaults:1 | Entered Level 1 of the Vaults
 38909 | Vaults:1 | Found a magical portal.
 38921 | WizLab   | Entered The Roulette of Golubria
 38921 | WizLab   | Found a transporter.
 38924 | WizLab   | Found a corrupted altar of Lugonu.
 38946 | WizLab   | Found a corrupted altar of Lugonu.
 38949 | WizLab   | Found a transporter.
 39038 | WizLab   | Found a transporter.
 39087 | WizLab   | Found a transporter.
 39092 | WizLab   | Found a transporter.
 39138 | WizLab   | Found a transporter.
 39276 | WizLab   | Found a transporter.
 39359 | WizLab   | Found a transporter.
 39387 | WizLab   | Found a transporter.
 39460 | WizLab   | Found a transporter.
 39502 | WizLab   | Found a transporter.
 39601 | WizLab   | Found a transporter.
 39821 | WizLab   | Found a transporter.
 39821 | WizLab   | Found a transporter.
 40024 | WizLab   | Found a transporter.
 40024 | WizLab   | Found a transporter.
 40066 | WizLab   | Found a transporter.
 40066 | WizLab   | Found a transporter.
 40280 | WizLab   | Got a twisted cloak
 40292 | WizLab   | Got a faintly glowing cloak
 40293 | WizLab   | Identified the Handbook of the Traveller
 40306 | WizLab   | Got a transparent cloak
 40317 | WizLab   | Got a slimy cloak
 40350 | WizLab   | Found a transporter.
 40350 | WizLab   | Found a transporter.
 40489 | Vaults:1 | Identified the +0 cloak "Anydgh" {+Blink rElec Str+7} (You
                  | found it in a wizard's laboratory)
 40499 | Vaults:1 | Identified the +1 cloak "Wefusi" {Int+6 Slay+5 Stlth-} (You
                  | found it in a wizard's laboratory)
 40529 | Vaults:1 | Identified the +0 cloak "Vus Host" {rF+} (You found it in a
                  | wizard's laboratory)
 40539 | Vaults:1 | Identified the +1 cloak "Idwavepn" {rN+++ Int+2 Dex-4} (You
                  | found it in a wizard's laboratory)
 40600 | Vaults:1 | Reached XP level 20. HP: 195/195 MP: 20/20
 40813 | Vaults:1 | Received a gift from Trog
 41553 | Vaults:2 | Received a gift from Trog
 41736 | Vaults:2 | Found a staircase to the Crypt.
 42233 | Vaults:2 | Received a gift from Trog
 43025 | Vaults:3 | Received a gift from Trog
 43253 | Vaults:3 | Reached XP level 21. HP: 208/208 MP: 21/21
 44041 | Vaults:3 | Received a gift from Trog
 44370 | Vaults:4 | Noticed Saint Roka
 44403 | Vaults:4 | Killed Saint Roka
 44660 | Vaults:4 | Received a gift from Trog
 45447 | Depths:1 | Entered Level 1 of the Depths
 45478 | Depths:1 | Found a gateway to a ziggurat.
 45526 | Depths:1 | Identified the ring of Bedduh Ebb {Fire SInv}
 45619 | Depths:1 | Noticed an ancient lich
 45667 | D:15     | Reached XP level 22. HP: 150/221 MP: 22/22
 45838 | Depths:1 | Killed an ancient lich
 46229 | Depths:1 | Found a gateway to Hell.
 46396 | Depths:1 | Found a one-way gate leading to the halls of Pandemonium.
 46603 | Depths:1 | Found a runed translucent door.
 46987 | Depths:2 | Received a gift from Trog
 47117 | Depths:2 | Found a snail-covered altar of Cheibriados.
 47175 | Depths:2 | Received a gift from Trog
 47286 | Depths:2 | Got a shimmering bone ring
 47288 | Depths:2 | Identified the ring of Syolusch {rElec rF+} (You found it
                  | on level 2 of the Depths)
 47303 | Depths:2 | Found a basalt altar of Yredelemnul.
 47303 | Depths:2 | Found a hazy altar of Hepliaklqana.
 47303 | Depths:2 | Found a glowing golden altar of the Shining One.
 48475 | Depths:3 | Received a gift from Trog
 48582 | Depths:3 | Noticed a caustic shrike
 48588 | Depths:3 | Killed a caustic shrike
 48595 | Depths:3 | Reached XP level 23. HP: 232/232 MP: 23/23
 49039 | Depths:3 | Received a gift from Trog
 49091 | Depths:3 | Noticed a greater mummy
 49111 | Depths:3 | Killed a greater mummy
 50278 | Depths:4 | Noticed a caustic shrike
 50278 | Depths:4 | Noticed a caustic shrike
 50278 | Depths:4 | Noticed a caustic shrike
 50279 | Depths:4 | Noticed a caustic shrike
 50295 | Depths:4 | Noticed a caustic shrike
 50296 | Depths:4 | Paralysed by a floating eye for 3 turns
 50304 | Depths:4 | Killed a caustic shrike
 50306 | Depths:4 | Killed a caustic shrike
 50309 | Depths:4 | Killed a caustic shrike
 50319 | Depths:4 | Killed a caustic shrike
 50323 | Depths:4 | Killed a caustic shrike
 50328 | Depths:4 | Noticed a golden dragon
 50340 | Depths:4 | Killed a golden dragon
 50381 | Depths:4 | Received a gift from Trog
 50385 | Depths:4 | Reached XP level 24. HP: 164/242 MP: 23/23
 50514 | Depths:4 | Identified the +2 whip of Recklessness {flame, rPois Str+4
                  | Dex+4}
 50534 | Depths:4 | Received a gift from Trog
 51253 | Depths:4 | Found a one-way gate to the infinite horrors of the Abyss.
 51308 | Depths:5 | Entered Level 5 of the Depths
 51792 | Depths:5 | Found a gate to the Realm of Zot.
 52159 | Depths:5 | Found a runed translucent gate.
 52159 | Depths:5 | Found a runed translucent gate.
 52159 | Depths:5 | Found a runed translucent gate.
 52591 | Depths:5 | Received a gift from Trog
 52607 | Depths:5 | Identified the +8 broad axe of Compound Interest {chop,
                  | Int+6} (Trog gifted it to you on level 5 of the Depths)
 52902 | Depths:5 | Found the +0 Maxwell's etheric cage {RegenMP+ *Contam rElec
                  | MP+4}
 53741 | Vaults:5 | Entered Level 5 of the Vaults
 53827 | Vaults:5 | Noticed Frederick
 53841 | Vaults:5 | Reached XP level 25. HP: 240/248 MP: 23/23
 53851 | Vaults:4 | Killed Frederick
 53928 | Vaults:4 | Received a gift from Trog
 53928 | Vaults:4 | Reached skill level 27 in Fighting
 54144 | Vaults:5 | Received a gift from Trog
 54241 | Vaults:5 | Noticed Xtahua
 54254 | Vaults:5 | Killed Xtahua
 54599 | Vaults:5 | Identified the +11 dagger of Vups {venom, rN+}
 55111 | Vaults:5 | Received a gift from Trog
 55125 | Vaults:5 | Reached XP level 26. HP: 259/259 MP: 23/23
 55173 | Vaults:5 | Identified the +7 hand crossbow "Banisher" {penet, Str+4
                  | Dex+4}
 55411 | Vaults:5 | Found Oref's Food Shop.
 55536 | Vaults:5 | Got a silver rune of Zot
 56031 | Elf:1    | Entered Level 1 of the Elven Halls
 56568 | Elf:1    | Found Qobule's Weapon Shop.
 56707 | Elf:1    | Found an ancient bone altar of Kikubaaqudgha.
 56952 | Elf:2    | Received a gift from Trog
 57311 | Elf:2    | Found a runed translucent gate.
 57312 | Elf:2    | Found a runed translucent gate.
 57319 | Elf:2    | Found a runed translucent gate.
 57562 | Elf:2    | Received a gift from Trog
 57838 | Elf:3    | Entered Level 3 of the Elven Halls
 58156 | Elf:3    | Found Edeem's Weapon Boutique.
 58347 | Elf:3    | Received a gift from Trog
 58447 | Elf:3    | Identified the +9 quarterstaff "Raqa" {drain, Int+5}
 58447 | Elf:3    | Identified the +1 troll leather armour of the Soldier {rF+
                  | Regen+}
 59360 | Crypt:1  | Entered Level 1 of the Crypt
 59393 | Crypt:1  | Noticed a greater mummy
 59401 | Crypt:1  | Noticed Khufu
 59402 | Crypt:1  | Noticed a greater mummy
 59408 | Crypt:1  | Killed a greater mummy
 59411 | Crypt:1  | Killed a greater mummy
 59411 | Crypt:1  | Noticed Jory
 59419 | Crypt:1  | Killed Khufu
 59419 | Crypt:1  | Reached skill level 27 in Armour
 59432 | Crypt:1  | Killed Jory
 59438 | Crypt:1  | Reached XP level 27. HP: 43/266 MP: 9/23
 60082 | Crypt:1  | Found a deep blue altar of Sif Muna.
 60102 | Crypt:1  | Received a gift from Trog
 60103 | Crypt:1  | Identified the amulet "Tygrib" {RegenMP Str+4 Stlth+}
 60460 | Crypt:1  | Noticed Bai Suzhen
 60467 | Crypt:1  | Killed Bai Suzhen
 61381 | Crypt:2  | Found a runed translucent door.
 61382 | Crypt:2  | Noticed Zoalos's ghost (veteran GrEE)
 61395 | Crypt:2  | Received a gift from Trog
 61804 | Crypt:3  | Entered Level 3 of the Crypt
 61912 | Crypt:3  | Found an ancient bone altar of Kikubaaqudgha.
 62009 | Crypt:3  | Received a gift from Trog
 62385 | Crypt:3  | Found a staircase to the Tomb.
 62711 | Crypt:3  | Received a gift from Trog
 63196 | Depths:4 | Voluntarily entered the Abyss.
 63863 | Abyss:3  | Found a corrupted altar of Lugonu.
 63971 | Abyss:3  | Gained mutation: Scrolls take you a little longer to read.
                  | [a neqoxec]
 64030 | Abyss:3  | Received a gift from Trog
 64230 | Abyss:3  | Paralysed by accursed screaming for 1 turns
 64699 | Abyss:3  | Received a gift from Trog
 64835 | Abyss:3  | Received a gift from Trog
 65580 | Abyss:3  | Received a gift from Trog
 66431 | Abyss:4  | Received a gift from Trog
 66487 | Abyss:4  | Paralysed by accursed screaming for 1 turns
 66589 | Abyss:4  | Gained mutation: Armour fits poorly on your strangely
                  | shaped body. [a neqoxec]
 66590 | Abyss:4  | Reached skill level 27 in Shields
 66610 | Abyss:4  | Received a gift from Trog
 66650 | Abyss:5  | Entered Level 5 of the Abyss
 66650 | Abyss:5  | Entered Level 5 of the Abyss
 66682 | Abyss:5  | Found a corrupted altar of Lugonu.
 66744 | Abyss:5  | Paralysed by accursed screaming for 2 turns
 66753 | Abyss:5  | Paralysed by accursed screaming for 2 turns
 66765 | Abyss:5  | HP: 9/273 [starcursed mass/accursed screaming (11)]
 66781 | Abyss:5  | Found a transporter.
 66844 | Abyss:5  | Found a transporter.
 66854 | Abyss:5  | Got an abyssal rune of Zot
 66875 | Depths:4 | Escaped the Abyss
 67408 | Slime:1  | Entered Level 1 of the Pits of Slime
 67448 | Slime:1  | Gained mutation: Your spells are a little easier to cast,
                  | but a little less powerful. [a shining eye]
 67450 | Slime:1  | Gained mutation: You are dopey. (Int -2) [a shining eye]
 67452 | Slime:1  | Gained mutation: You are very dopey. (Int -4) [a shining
                  | eye]
 67452 | Slime:1  | Gained mutation: You are somewhat resistant to further
                  | mutation. [a shining eye]
 67458 | Slime:1  | Gained mutation: Your spells are easier to cast, but less
                  | powerful. [a shining eye]
 67472 | Lair:5   | Lost mutation: Armour fits poorly on your strangely shaped
                  | body. [potion of mutation]
 67472 | Lair:5   | Lost mutation: Scrolls take you a little longer to read.
                  | [potion of mutation]
 67472 | Lair:5   | Lost mutation: You are very dopey. (Int -4) [potion of
                  | mutation]
 67473 | Lair:5   | Lost mutation: You are dopey. (Int -2) [potion of mutation]
 67473 | Lair:5   | Lost mutation: You are somewhat resistant to further
                  | mutation. [potion of mutation]
 67473 | Lair:5   | Lost mutation: Your spells are easier to cast, but less
                  | powerful. [potion of mutation]
 67473 | Lair:5   | Gained mutation: [Your body sometimes deteriorates upon
                  | taking damage.] [potion of mutation]
 67473 | Lair:5   | Gained mutation: You are weak. (Str -2) [potion of
                  | mutation]
 67473 | Lair:5   | Gained mutation: Your magical capacity is low. (-10% MP)
                  | [potion of mutation]
 67473 | Lair:5   | Gained mutation: You have a pair of small horns on your
                  | head. [potion of mutation]
 67533 | Slime:1  | Received a gift from Trog
 67539 | Slime:1  | Reached skill level 27 in Axes
 67542 | Slime:1  | Reached skill level 1 in Evocations
 67827 | Slime:2  | Reached skill level 1 in Dodging
 68924 | Slime:4  | Reached skill level 5 in Evocations
 69157 | Slime:4  | Received a gift from Trog
 69312 | Slime:5  | Entered Level 5 of the Pits of Slime
 69457 | Slime:5  | Noticed the Royal Jelly
 69496 | Slime:5  | Killed the Royal Jelly
 69607 | Slime:5  | Gained mutation: [Your body often deteriorates upon taking
                  | damage.] [a shining eye]
 69626 | Slime:5  | Gained mutation: You tend to lose your temper in combat. [a
                  | shining eye]
 69644 | Slime:5  | Found the +2 cloak of the Thief {+Fog Slay-2 SInv Stlth+}
 69668 | Slime:5  | Got a slimy rune of Zot
 69670 | Slime:5  | Got a coiled bone ring
 69682 | Slime:5  | Got a slimy tin amulet
 69768 | Slime:5  | Reached skill level 5 in Dodging
 69782 | Slime:5  | Received a gift from Trog
 70167 | Slime:5  | Identified the Tome of Beguiling and Weightlessness
 70178 | Slime:5  | Identified the +10 plate armour of Peek-a-Boo {MR- rCorr
                  | Stlth+} (You found it on level 5 of the Pits of Slime)
 70183 | Slime:5  | Identified the amulet of Irrepressible Laughter {Harm
                  | *Drain MR+ Int+4 Dex+4} (You found it on level 5 of the
                  | Pits of Slime)
 70187 | Slime:5  | Identified the ring "Kyt Feib" {+Inv rN+ Str+2} (You found
                  | it on level 5 of the Pits of Slime)
 70705 | Hell     | Entered the Vestibule of Hell
 70705 | Hell     | Noticed Geryon
 70729 | Hell     | Killed Geryon
 70898 | Hell     | Found a gateway to the decaying netherworld of Tartarus.
 71123 | Hell     | Noticed Murray
 71137 | Hell     | Killed Murray
 71213 | Hell     | Reached skill level 10 in Evocations
 71333 | Hell     | Found a gateway to the ashen valley of Gehenna.
 71345 | Hell     | Received a gift from Trog
 71535 | Hell     | Found a gateway to the freezing wastes of Cocytus.
 71562 | Hell     | Found a gateway to the Iron City of Dis.
 71567 | Hell     | Lost mutation: You are weak. (Str -2) [potion of mutation]
 71567 | Hell     | Lost mutation: [Your body often deteriorates upon taking
                  | damage.] [potion of mutation]
 71567 | Hell     | Gained mutation: Scrolls take you a little longer to read.
                  | [potion of mutation]
 71567 | Hell     | Gained mutation: You are partially covered in large bone
                  | plates. (SH +4) [potion of mutation]
 71568 | Hell     | Lost mutation: You have a pair of small horns on your head.
                  | [potion of mutation]
 71568 | Hell     | Lost mutation: Scrolls take you a little longer to read.
                  | [potion of mutation]
 71568 | Hell     | Lost mutation: Your magical capacity is low. (-10% MP)
                  | [potion of mutation]
 71568 | Hell     | Lost mutation: [Your body sometimes deteriorates upon
                  | taking damage.] [potion of mutation]
 71568 | Hell     | Lost mutation: Your spells are a little easier to cast, but
                  | a little less powerful. [potion of mutation]
 71568 | Hell     | Gained mutation: Your mind is acute. (Int +2) [potion of
                  | mutation]
 71836 | Crypt:2  | Killed Zoalos's ghost
 72023 | Tomb:1   | Entered Level 1 of the Tomb of the Ancients
 72479 | Tomb:1   | Noticed a greater mummy
 72495 | Tomb:1   | Killed a greater mummy
 72534 | Tomb:1   | Received a gift from Trog
 72690 | Tomb:1   | Noticed a greater mummy
 72690 | Tomb:1   | Noticed a greater mummy
 72690 | Tomb:1   | Noticed a greater mummy
 72690 | Tomb:1   | Noticed a greater mummy
 72696 | Tomb:1   | Noticed a greater mummy
 72702 | Tomb:1   | Killed a greater mummy
 72708 | Tomb:1   | Killed a greater mummy
 72711 | Tomb:1   | Killed a greater mummy
 72722 | Tomb:1   | Killed a greater mummy
 72722 | Tomb:1   | Reached skill level 10 in Dodging
 72725 | Tomb:1   | Noticed a greater mummy
 72730 | Tomb:1   | Killed a greater mummy
 72741 | Tomb:1   | Killed a greater mummy
 73177 | Tomb:1   | Noticed a greater mummy
 73183 | Tomb:1   | Killed a greater mummy
 73186 | Tomb:1   | Noticed a greater mummy
 73200 | Tomb:1   | Killed a greater mummy
 73303 | Tomb:1   | Noticed a greater mummy
 73309 | Tomb:1   | Killed a greater mummy
 73309 | Tomb:1   | Noticed a greater mummy
 73317 | Tomb:1   | Noticed a greater mummy
 73323 | Tomb:1   | Killed a greater mummy
 73332 | Tomb:1   | Killed a greater mummy
 73630 | Tomb:1   | Noticed a greater mummy
 73632 | Tomb:1   | Noticed a greater mummy
 73645 | Tomb:1   | Killed a greater mummy
 73651 | Tomb:1   | Killed a greater mummy
 74101 | Tomb:2   | Noticed an ancient lich
 74102 | Tomb:2   | Noticed a greater mummy
 74102 | Tomb:2   | Noticed a greater mummy
 74109 | Tomb:2   | Noticed a greater mummy
 74109 | Tomb:2   | Noticed a greater mummy
 75167 | Zot:1    | Entered Level 1 of the Realm of Zot
 75191 | Zot:1    | Received a gift from Trog
 76271 | Pan      | Entered Pandemonium
 76424 | Pan      | HP: 1/265 [lorocyproca (22)]
 76425 | Pan      | Mangled by a lorocyproca

Skill      XL: |  1  2  3  4  5  6  7  8  9 10 11 12 13 14 15 16 17 18 19 20 21 22 23 24 25 26 27 |
---------------+----------------------------------------------------------------------------------+-----
Axes           | 3 4 5 6 7 9 11 13 15 16 18 27 | 27.0
Fighting       | 4 5 6 7 8 9 10 12 13 15 16 17 19 20 21 23 24 25 26 27 | 27.0
Armour         | 4 5 6 7 8 9 11 12 13 14 15 16 17 18 19 20 21 22 24 27 | 27.0
Shields        | 4 5 6 7 8 9 11 12 13 14 15 16 18 19 20 21 23 24 25 27 | 27.0
Evocations     | 13 | 13.2
Dodging        | 12 | 12.8

Action                   |  1- 3 |  4- 6 |  7- 9 | 10-12 | 13-15 | 16-18 | 19-21 | 22-24 | 25-27 || total
-------------------------+-------+-------+-------+-------+-------+-------+-------+-------+-------++-------
Melee: War axe           |    85 |   196 |   402 |   544 |   260 |       |       |       |       ||  1487
       Flail             |       |       |       |    30 |       |       |       |       |       ||    30
       Hand axe          |       |       |       |       |    28 |    71 |    28 |       |       ||   127
       Broad axe         |       |       |       |       |   520 |  1537 |  1303 |  1083 |  3332 ||  7775
       Headbutt          |       |       |       |       |       |       |       |       |   156 ||   156
Throw: Stone             |       |       |     3 |       |       |       |       |       |       ||     3
       Javelin           |       |       |       |       |     4 |     5 |       |     2 |       ||    11
Invok: Berserk           |       |       |     1 |    12 |     6 |     2 |     3 |     8 |     5 ||    37
       Trog's Hand       |       |       |       |     6 |     9 |     4 |     5 |     5 |    18 ||    47
       Brothers in Arms  |       |       |       |     1 |       |       |       |     4 |     1 ||     6
 Abil: Evoke Flight      |       |       |       |       |     2 |     7 |     7 |       |     1 ||    17
       Stop Flying       |       |       |       |       |       |       |     1 |       |     1 ||     2
Evoke: Wand              |       |       |       |     4 |       |       |       |       |       ||     4
       Phial of floods   |       |       |       |       |       |       |       |     1 |       ||     1
       Sack of spiders   |       |       |       |       |       |       |       |     1 |       ||     1
  Use: Scroll            |     1 |       |    10 |     7 |    11 |    15 |     7 |     7 |    23 ||    81
       Potion            |       |       |     1 |       |     1 |       |     2 |       |    14 ||    18
 Stab: Petrified         |       |       |       |       |     5 |       |       |       |       ||     5
       Distracted        |       |       |       |       |       |       |       |       |     2 ||     2
       Paralysed         |       |       |       |       |       |       |       |       |     1 ||     1
  Eat: Chunk             |     1 |     7 |    19 |    26 |    18 |    48 |    29 |    27 |    35 ||   210
       Ration            |       |       |       |     2 |     5 |     3 |     4 |     5 |    19 ||    38
Armor: Scale mail        |    34 |    64 |    30 |       |       |       |       |       |       ||   128
       Skin              |       |       |     2 |       |       |       |       |       |       ||     2
       Plate armour      |       |       |   146 |   182 |       |       |       |       |       ||   328
       Chain mail        |       |       |     8 |   121 |     4 |       |       |       |       ||   133
       Gold dragon scale |       |       |       |       |   276 |   717 |   314 |   397 |   893 ||  2597
Dodge: Dodged            |    27 |    48 |    85 |    85 |    64 |   243 |   146 |   176 |   556 ||  1430
Block: Shield            |    43 |    89 |   190 |    83 |       |       |       |       |       ||   405
       Large shield      |       |       |       |   448 |   624 |  1592 |  1275 |  1230 |  3545 ||  8714
